 Dungeon Sprint DCSS version 0.31-a0-204-g7da18cac08 (webtiles) character file.

Game seed: 6684008889022782647

313 rocky1 the Unseen (level 6, -7/44 HPs)
             Began as an Octopode Brigand on June 28, 2023.
             Was an Initiate of Gozag.
             Mangled by a spatial vortex (28 damage)
             ... in the Dungeon (Sprint III: "The Ten Rune Challenge").
             The game lasted 00:01:31 (367 turns).

rocky1 the Unseen (Octopode Brigand)                 Turns: 367, Time: 00:01:31

Health: -7/44      AC:  1    Str: 10    XL:     6   Next: 43%
Magic:  6/6        EV: 13    Int: 14    God:    Gozag
Gold:   31         SH:  0    Dex: 15    Spells: 5/5 levels left

rFire   . . .        a - +2 dagger
rCold   . . .        (no shield)
rNeg    . . .        (helmet restricted)
rPois   .            (no amulet)
rElec   .            (no ring)
rCorr   .            (no ring)
SInv    .            (no ring)
Will    .....        (no ring)
Stlth   +++++++      (no ring)
HPRegen 0.27/turn    (no ring)
MPRegen 0.10/turn    (no ring)
                     (no ring)

%: no teleportation
@: no status effects
A: almost no armour, amphibious, 8 rings, camouflage 1, gelatinous body 1,
(nimble swimmer 1), tentacles
a: Renounce Religion, Potion Petition, Call Merchant, Bribe Branch


You were in the Dungeon.
You worshipped Gozag.
Gozag was noncommittal.
You visited 1 branch You collected 31 gold pieces.

Inventory:

Hand Weapons
 a - a +2 dagger (weapon)
Missiles
 b - 9 poisoned darts (quivered)
 c - 3 curare-tipped darts
Scrolls
 i - 2 scrolls of blinking
 k - a scroll of immolation {unknown}
 m - a scroll of torment
Potions
 d - a potion of curing
 f - a potion of haste
 g - 2 potions of magic
 j - 4 potions of mutation {unknown}
 l - 2 potions of enlightenment
 o - a potion of attraction


   Skills:
 + Level 4.5 Fighting
 + Level 5.2 Short Blades
 + Level 3.8 Throwing
 + Level 1.9 Dodging
 + Level 15.7 Stealth


You had 5 spell levels left.
You didn't know any spells.
Your spell library was empty.

Dungeon Overview and Level Annotations

Branches:
Dungeon (1/1)

Altars:
Cheibriados
Fedhas
Gozag
Hepliaklqana
Makhleb
Nemelex Xobeh
Qazlal
Xom
Jiyva
Lugonu


Innate Abilities, Weirdness & Mutations

You cannot wear most types of armour.
You are amphibious.
You can wear up to eight rings at the same time.
Your skin changes colour to match your surroundings (Stealth+).
Your rubbery body absorbs attacks. (AC +1, EV +1)
((You are camouflaged when in or above water. (Stealth+)))
You have tentacles for arms and can constrict up to eight enemies at once.


Message History

You barely miss the spatial vortex.
The spatial vortex is heavily damaged.
There is a hazy altar of Hepliaklqana here.
There is a snail-covered altar of Cheibriados here.
You completely miss the spatial vortex.
The spatial vortex is heavily damaged.
You hit the spatial vortex.
The spatial vortex is heavily damaged.
You barely miss the spatial vortex.
The spatial vortex is heavily damaged.
The spatial vortex hits you!
You barely miss the spatial vortex.
The spatial vortex is heavily damaged.
You barely miss the spatial vortex.
The spatial vortex is heavily damaged.
There is an open door here.
You hit the spatial vortex. You squeeze the spatial vortex!
The spatial vortex is severely damaged.
The spatial vortex closely misses you.
You hit the spatial vortex.
The spatial vortex is severely damaged.
The spatial vortex hits you!!
Ouch! That really hurt!
* * * LOW HITPOINT WARNING * * *
You are too injured to fight recklessly!
You are too injured to fight recklessly!
You feel much better.
You hit the spatial vortex.
The spatial vortex is almost destroyed.
You are too injured to fight recklessly!
Unknown command.
You hit the spatial vortex. You squeeze the spatial vortex.
The spatial vortex is almost destroyed.
There is an open door here.
You barely miss the spatial vortex. You squeeze the spatial vortex.
The spatial vortex is almost destroyed.
The spatial vortex hits you!!
Ouch! That really hurt!
You die...
Your body crumbles into a pile of gold. ▓▓▓▓ ▓▓▓ ...♣ ♣.# $ $$$$

...♣ ♣.# $$ $ $$$ ...♣♣
♣♣.# $ $ $
).~.♣♣♣..###+#+###+##$$
.~~♣..♣♣.#......@...#
$$
~~~~.....'.⌠...v....#$
$ $$ $
~≈≈~~~...#...######'#$
$ $
~≈~~~....#.⌠.#__#...#
≈~~~.....#...#__#...#
~~....†..#+###__#...#
.........# #__#...+
.........# #__'...#
▓▓▓▓▓▓▓▓▓▓ ▓▓▓▓▓▓▓▓


You could see a spatial vortex.

Vanquished Creatures
  A shadow (D)
  A water elemental (D)
  A jelly (D)
  Crazy Yiuf (D)
  Jessica (D)
  A human (D)
  3 rats (D)
9 creatures vanquished.

Notes
Turn   | Place    | Note
-------+----------+-------------------------------------------
     0 | D        | rocky1 the Octopode Brigand began the quest for the Orb.
     0 | D        | Reached XP level 1. HP: 14/14 MP: 1/1
     8 | D        | Reached skill level 6 in Stealth
    11 | D        | Noticed Jessica
    19 | D        | Killed Jessica
    20 | D        | Reached skill level 8 in Stealth
    20 | D        | Reached XP level 2. HP: 16/21 MP: 2/2
    20 | D        | Reached XP level 3. HP: 20/26 MP: 3/3
    99 | D        | Noticed Crazy Yiuf
   108 | D        | Killed Crazy Yiuf
   109 | D        | Reached skill level 10 in Stealth
   114 | D        | Reached XP level 4. HP: 31/31 MP: 4/4
   172 | D        | Noticed a water elemental
   177 | D        | Killed a water elemental
   178 | D        | Reached skill level 12 in Stealth
   178 | D        | Reached XP level 5. HP: 37/37 MP: 5/5
   324 | D        | Noticed a shadow
   326 | D        | Killed a shadow
   327 | D        | Reached skill level 5 in Short Blades
   327 | D        | Reached skill level 15 in Stealth
   327 | D        | Reached XP level 6. HP: 44/44 MP: 6/6
   333 | D        | Found a blossoming altar of Fedhas.
   333 | D        | Found a stormy altar of Qazlal.
   333 | D        | Found a snail-covered altar of Cheibriados.
   333 | D        | Found a burning altar of Makhleb.
   333 | D        | Found a shimmering altar of Xom.
   333 | D        | Noticed a spatial vortex
   334 | D        | Found a hazy altar of Hepliaklqana.
   334 | D        | Found an opulent altar of Gozag.
   334 | D        | Found a sparkling altar of Nemelex Xobeh.
   334 | D        | Found a corrupted altar of Lugonu.
   334 | D        | Found a viscous altar of Jiyva.
   343 | D        | Became a worshipper of Gozag Ym Sagoz the Greedy
   367 | D        | Mangled by a spatial vortex

Illustrated notes

Levels and vault maps discovered:
D:        dungeon_sprint_mu [sprint_mu_entry_forest, sprint_mu_temple_rooms,
          sprint_mu_d1_horrors, sprint_mu_d2_genie, sprint_mu_d3_branching,
          sprint_mu_orc_legion, sprint_mu_elf_gauntlet, sprint_mu_hive_nellie,
          sprint_mu_lair_fedhas, sprint_mu_vaults_butterflies,
          sprint_mu_slime_circle, sprint_mu_swamp_cave, sprint_mu_snake_twists,
          sprint_mu_blade_basic, sprint_mu_crypt_chambers,
          sprint_mu_tomb_spiral, sprint_mu_vestibule_basic,
          sprint_mu_gehenna_hellfire, sprint_mu_dis_giant,
          sprint_mu_tartarus_statrot, sprint_mu_cocytus_islands, sprint_mu_zot1]

Skill      XL: |  1  2  3  4  5 |
---------------+----------------+-----
Stealth        | 8 10 12 15 | 15.7
Fighting       | 3 4 |  4.5
Short Blades   | 3 5 |  5.2
Throwing       | 3 |  3.8
Dodging        | |  1.9

Action                     |  1- 3 |  4- 6 || total
---------------------------+-------+-------++-------
  Melee: Dagger            |    14 |    22 ||    36
         Constrict         |     3 |       ||     3
         Tentacles         |     5 |     6 ||    11
    Use: Scroll            |       |     2 ||     2
         Potion            |       |     2 ||     2
   Stab: Sleeping          |     3 |     2 ||     5
  Dodge: Dodged            |     5 |     6 ||    11

Table legend: (Time is in decaauts)
 A = Elapsed time spent in this place.
 B = Non-inter-level travel time spent in this place.
 C = Inter-level travel time spent in this place.
 D = Time resting spent in this place.
 E = Time spent auto-exploring this place.
 F = Levels seen in this place.
 G = Mean time per level.
                   A        B        C        D        E       F      G
               +--------+--------+--------+--------+--------+-----+--------+
         Total |    383 |    383 |      0 |    219 |      4 |   1 |  383.0 |
       Dungeon |    383 |    383 |      0 |    219 |      4 |   1 |  383.0 |
               +--------+--------+--------+--------+--------+-----+--------+

Top non-repeatable levels by time:
       D: 383 daAuts
